 Dungeon Crawl Stone Soup version 0.30-a0-55-g90e3122c3a (webtiles) character file.

Game seed: 15455918405187072568

595 Pooter the Chopper (level 7, 0/62 HPs)
             Began as a Minotaur Berserker on Sept 9, 2022.
             Was a Believer of Trog.
             Slain by a gnoll
             ... wielding a +0 spear
              (2 damage)
             ... on level 5 of the Dungeon.
             The game lasted 00:18:14 (4537 turns).

Pooter the Chopper (Minotaur Berserker)             Turns: 4537, Time: 00:18:14

Health: 0/62       AC: 16    Str: 24    XL:     7   Next: 16%
Magic:  6/6        EV:  7    Int:  4    God:    Trog [**....]
Gold:   86         SH:  0    Dex:  9    Spells: 6/6 levels left

rFire   . . .      SeeInvis .    a - +1 executioner's axe (vorpal)
rCold   . . .      Faith    .    (shield currently unavailable)
rNeg    . . .      Spirit   .    i - +0 plate armour
rPois   .          Reflect  .    (helmet restricted)
rElec   .          Harm     .    (no cloak)
rCorr   .          Rampage  .    l - +2 pair of gloves
Will    .....                    k - +1 pair of boots
Stlth   ..........               (no amulet)
HPRegen 0.20/turn                (no ring)
MPRegen 0.10/turn                (no ring)

@: on berserk cooldown, slowed, very slow
A: horns 2, retaliatory headbutt
a: Renounce Religion, Berserk, Trog's Hand


You were on level 5 of the Dungeon.
You worshipped Trog.
Trog was pleased with you.
You visited 1 branch of the dungeon, and saw 5 of its levels.

You collected 167 gold pieces.
You spent 81 gold pieces at shops.

Inventory:

Hand Weapons
 a - a +1 vorpal executioner's axe (weapon)
   (You acquired it on level 4 of the Dungeon)
 b - a +0 shortbow
   (You took it off a centaur on level 3 of the Dungeon)
 o - a +0 quarterstaff
   (You took it off an orc on level 3 of the Dungeon)
 t - the +3 dagger "Veukith" {vorpal, rN+}
   (You found it on level 3 of the Dungeon)

   It inflicts extra damage upon your enemies.
   rN:        It protects you from negative energy.
 w - a +0 hand axe
 y - a +0 morningstar
   (You found it on level 5 of the Dungeon)
Missiles
 g - 6 boomerangs (quivered)
 h - 25 poisoned darts
 Q - 51 stones
Armour
 i - a +0 plate armour (worn)
   (You found it on level 4 of the Dungeon)
 k - a +1 pair of boots (worn)
   (You found it on level 2 of the Dungeon)
 l - a +2 pair of gloves (worn)
   (You found it on level 2 of the Dungeon)
Scrolls
 c - 3 scrolls of amnesia {unknown}
 d - a scroll of silence {unknown}
 e - a scroll of teleportation {unknown}
 f - a scroll of magic mapping {unknown}
 n - 2 scrolls of immolation {!r}
 q - a scroll of fear
 r - a scroll of poison {unknown}
 A - 2 scrolls of vulnerability {unknown}
Potions
 j - 4 potions of haste {@q3}
 m - a potion of attraction {unknown}
 p - 2 potions of heal wounds {unknown}
 s - 2 potions of invisibility
 u - a potion of ambrosia {unknown}
 v - a potion of curing {@q1}
 x - 2 potions of mutation {unknown}
 z - a potion of magic {unknown}
 B - a potion of degeneration {unknown}


   Skills:
 + Level 5.7 Fighting
 * Level 7.4 Axes
 + Level 3.0 Ranged Weapons
 - Level 2.4 Armour
 - Level 2.1 Dodging
 - Level 2.0 Stealth


You had 6 spell levels left.
You didn't know any spells.
Your spell library was empty.

Dungeon Overview and Level Annotations

Branches:
Dungeon (5/15)
 Temple: D:4-7

Altars:
Cheibriados
Dithmenos
Elyvilon
Fedhas
Gozag
Nemelex Xobeh
Qazlal
Ru
Uskayaw
Wu Jian
Xom
Yredelemnul

Shops:
D:1 *:


Innate Abilities, Weirdness & Mutations

You have a pair of horns on your head.
You reflexively headbutt those who attack you in melee.


Message History

The arrow hits the gnoll.
a - a +1 vorpal executioner's axe (weapon)
The gnoll shouts!
A red film seems to cover your vision as you go berserk!
You feel yourself moving faster!
You feel mighty! The gnoll hits you with a +0 club.
You feel a strong urge to attack something.
The gnoll throws a throwing net.
The throwing net hits you.
You become entangled in the net!
The gnoll hits you with a +0 club!
The gnoll hits you from afar with a +0 halberd.
You see here a throwing net {!f}.
You tear a large gash into the net.
You feel your anger nearly subside.
You are no longer berserk.
You are exhausted.
You feel yourself slow down.
The gnoll hits you from afar with a +0 spear.
The gnoll hits you but does no damage.
The gnoll hits you from afar with a +0 halberd!
You struggle against the net.
The gnoll hits you but does no damage. x4
You struggle against the net.
The gnoll hits you but does no damage. The gnoll hits you with a +0 club.
The gnoll hits you with a +0 whip. The gnoll hits you but does no damage.
The gnoll hits you from afar with a +0 spear.
The gnoll hits you with a +0 club.
The gnoll hits you from afar with a +0 halberd.
The gnoll hits you but does no damage.
You rip the net and break free!
The gnoll hits you but does no damage. The gnoll barely misses you. x2
The gnoll hits you from afar with a +0 spear.
The gnoll hits you but does no damage. x2; The gnoll hits you with a +0 spear!
* * * LOW HITPOINT WARNING * * *
The gnoll hits you with a +0 spear.
* * * LOW HITPOINT WARNING * * *
The gnoll hits you with a +0 club.
* * * LOW HITPOINT WARNING * * *
The gnoll hits you but does no damage. The gnoll hits you with a +0 whip.
* * * LOW HITPOINT WARNING * * *
You barely miss the gnoll. You headbutt the gnoll!
You barely miss the gnoll. x2
You hit the gnoll but do no damage.
The gnoll hits you but does no damage. x2
The gnoll barely misses you. The gnoll hits you but does no damage.
The gnoll hits you with a +0 club.
* * * LOW HITPOINT WARNING * * *
The gnoll hits you but does no damage. The gnoll closely misses you.
The gnoll hits you with a +0 halberd!
* * * LOW HITPOINT WARNING * * *
You closely miss the gnoll. You hit the gnoll. You slash the gnoll!
You closely miss the gnoll. The gnoll hits you but does no damage.
The gnoll barely misses you. You furiously retaliate!
You headbutt the gnoll. The gnoll hits you but does no damage.
The gnoll hits you with a +0 spear.
You die...

#................##
#.................#
#.................##
..................#
.................#
................#
..............##
..............#
......g@g....##
......gg....##
...........##
.........###
..........
#..........
#.....##### ....##


You could see 4 gnolls.

Vanquished Creatures
  An ice beast (D:4)
  2 phantoms
  A centaur (D:3)
  A necrophage (D:4)
  2 hounds (D:4)
  An iguana (D:4)
  4 adders
  An ufetubus (D:4)
  3 worms
  2 dart slugs (D:3)
  9 orcs
  4 endoplasms
  2 giant cockroaches (D:1)
  5 goblins
  6 hobgoblins
  4 quokkas
  4 ball pythons
  6 bats
  2 frilled lizards
  6 kobolds
  6 rats
72 creatures vanquished.

Notes
Turn   | Place    | Note
-------+----------+-------------------------------------------
     0 | D:1      | Pooter the Minotaur Berserker began the quest for the Orb.
     0 | D:1      | Reached XP level 1. HP: 19/19 MP: 0/0
    14 | D:1      | Found Hekhetywk's Assorted Antiques.
    15 | D:1      | Found Seacs's Book Boutique.
   410 | D:1      | Reached skill level 4 in Axes
   430 | D:1      | Reached XP level 2. HP: 24/27 MP: 1/1
   864 | D:2      | Found a shimmering altar of Xom.
   914 | D:2      | Reached skill level 1 in Stealth
   914 | D:2      | Reached XP level 3. HP: 30/33 MP: 2/2
  1083 | D:2      | Reached ** piety under Trog
  1604 | D:3      | Found a faded altar of an unknown god.
  1754 | D:3      | Noticed a centaur
  1767 | D:3      | Killed a centaur
  1768 | D:3      | Reached skill level 5 in Axes
  1768 | D:3      | Reached XP level 4. HP: 13/41 MP: 3/3
  1996 | D:3      | Identified the +3 dagger "Veukith" {vorpal, rN+}
  2080 | D:1      | Bought a viscous blue potion for 18 gold pieces
  2080 | D:1      | Bought a scroll labelled KAOQUEJ QUCE for 21 gold pieces
  2167 | D:3      | Reached XP level 5. HP: 47/47 MP: 4/4
  3066 | D:4      | Reached skill level 1 in Ranged Weapons
  3074 | D:4      | Identified a scroll of acquirement
  3075 | D:4      | Acquired a +1 vorpal executioner's axe
  3193 | D:4      | Reached skill level 6 in Axes
  3198 | D:4      | Reached skill level 5 in Fighting
  3198 | D:4      | Reached XP level 6. HP: 49/56 MP: 5/5
  3379 | D:1      | Bought a scroll of identify for 42 gold pieces
  3462 | D:4      | Found an ornate altar of the Wu Jian Council.
  3480 | D:4      | Found a blossoming altar of Fedhas.
  3481 | D:4      | Found a white marble altar of Elyvilon.
  3487 | D:4      | Found a hide-covered altar of Uskayaw.
  3488 | D:4      | Found a stormy altar of Qazlal.
  3490 | D:4      | Found a snail-covered altar of Cheibriados.
  3491 | D:4      | Found a basalt altar of Yredelemnul.
  3493 | D:4      | Found a sacrificial altar of Ru.
  3710 | D:4      | Found a shadowy altar of Dithmenos.
  3711 | D:4      | Found a sparkling altar of Nemelex Xobeh.
  3831 | D:4      | Noticed an ice beast
  3838 | D:4      | Killed an ice beast
  4296 | D:4      | Found Cibue's Assorted Antiques.
  4349 | D:4      | Found an opulent altar of Gozag.
  4352 | D:4      | Reached skill level 7 in Axes
  4442 | D:5      | Entered Level 5 of the Dungeon
  4455 | D:5      | Reached XP level 7. HP: 61/61 MP: 6/6
  4536 | D:5      | HP: 2/62 [gnoll/+0 halberd (7)]
  4537 | D:5      | Slain by a gnoll

Illustrated notes

Levels and vault maps discovered:
D:1:      minmay_arrival_jagged, layout_basic, serial_shops, shop, shop_statue,
          hangedman_decor_peaks_small, item_on_display_a
D:2:      layout_loops_ring, basic_altar, roderic_nine_men_s_morris
D:3:      layout_loops_cross, basic_ecumenical_altar,
          chequers_serial_rivers_micro_c
D:4:      layout_basic, lemuel_coloured_pillars_altar,
          nicolae_overflow_hallway_of_the_gods, serial_shops, shop
D:5:      layout_layer_cave

Skill      XL: |  1  2  3  4  5  6  7 |
---------------+----------------------+-----
Axes           | 4 5 6 7 |  7.4
Fighting       | 4 5 |  5.7
Stealth        | 1 2 |  2.0
Ranged Weapons | 1 2 3 |  3.0
Armour         | |  2.4
Dodging        | |  2.1

Action                   |  1- 3 |  4- 6 |  7- 9 || total
-------------------------+-------+-------+-------++-------
Melee: Hand axe          |    82 |     8 |       ||    90
       Headbutt          |    11 |     5 |     4 ||    20
       Punch             |     2 |       |       ||     2
       Quarterstaff      |       |    12 |       ||    12
       Executioner's axe |       |    45 |     8 ||    53
 Fire: Shortbow          |       |    49 |     2 ||    51
Throw: Boomerang         |     4 |       |       ||     4
Invok: Berserk           |     1 |     4 |     1 ||     6
  Use: Scroll            |       |     6 |       ||     6
 Stab: Sleeping          |     1 |       |       ||     1
Armor: Animal skin       |     8 |       |       ||     8
       Scale mail        |    24 |     3 |       ||    27
       Ring mail         |     8 |       |       ||     8
       Chain mail        |       |    47 |       ||    47
       Plate armour      |       |    11 |    22 ||    33
Dodge: Dodged            |    53 |    43 |     7 ||   103

Table legend: (Time is in decaauts)
 A = Elapsed time spent in this place.
 B = Non-inter-level travel time spent in this place.
 C = Inter-level travel time spent in this place.
 D = Time resting spent in this place.
 E = Time spent auto-exploring this place.
 F = Levels seen in this place.
 G = Mean time per level.
                   A        B        C        D        E       F      G
               +--------+--------+--------+--------+--------+-----+--------+
         Total |   4652 |   4347 |    305 |   1228 |   2369 |   5 |  930.4 |
       Dungeon |   4652 |   4347 |    305 |   1228 |   2369 |   5 |  930.4 |
               +--------+--------+--------+--------+--------+-----+--------+

Top non-repeatable levels by time:
     D:3: 1419 daAuts
     D:4: 1380 daAuts
     D:1: 909 daAuts
     D:2: 840 daAuts
     D:5: 101 daAuts
